 Dungeon Crawl Stone Soup version 0.31.0-32-g396128a36d (webtiles) character file.

Game seed: 6437202201976797958

786 Marvel the Trooper (level 7, -2/64 HPs)
             Began as a Hill Orc Fighter on Mar 23, 2024.
             Was a Follower of Okawaru.
             Slain by Pikel
             ... wielding a +2 whip of electrocution
              (5 damage)
             ... on level 6 of the Dungeon.
             The game lasted 00:06:28 (5009 turns).

Marvel the Trooper (Hill Orc Fighter)               Turns: 5009, Time: 00:06:28

Health: -2/64      AC:  5    Str: 21    XL:     7   Next: 86%
Magic:  7/7        EV: 25    Int:  8    God:    Okawaru [*.....]
Gold:   162        SH:  6    Dex: 10    Spells: 6/6 levels left

rFire   + . .        t - +0 spear (spect)
rCold   . . .        c - +1 buckler
rNeg    . . .        m - +2 leather armour {rF+}
rPois   .            (no helmet)
rElec   .            (no cloak)
rCorr   .            (no gloves)
SInv    .            (no boots)
Will    .....        e - amulet of the acrobat
Stlth   +            (no ring)
HPRegen 0.30/turn    (no ring)
MPRegen 0.10/turn

%: acrobat
@: acrobatic
A: no striking features
a: Renounce Religion, Heroism


You were on level 6 of the Dungeon.
You worshipped Okawaru.
Okawaru was aware of your devotion.
You visited 1 branch of the dungeon, and saw 6 of its levels.

You collected 222 gold pieces.
You spent 60 gold pieces at shops.

Inventory:

Hand Weapons
 a - a +0 war axe
 f - a +2 dagger of flaming
 s - a +0 falchion of distortion
 t - a +0 spectral spear (weapon)
Armour
 b - a +0 scale mail
 c - a +1 buckler (worn)
 m - a +2 leather armour of fire resistance (worn)
Jewellery
 e - an amulet of the acrobat (around neck)
Wands
 w - a wand of polymorph (7)
 x - a wand of paralysis (6)
Scrolls
 g - 2 scrolls of noise {unknown}
 h - 2 scrolls of teleportation
 j - a scroll of enchant armour
 n - a scroll of blinking
 p - 5 scrolls of identify
 q - a scroll of brand weapon {unknown}
Potions
 d - a potion of might
 i - 2 potions of curing
 k - a potion of heal wounds
 l - a potion of invisibility {unknown}
 o - a potion of brilliance {unknown}
 r - 2 potions of mutation {unknown}
 u - a potion of enlightenment {unknown}
 v - a potion of lignification {unknown}


   Skills:
 + Level 6.5 Fighting
 - Level 4.8(5.8) Axes
 + Level 3.9(4.7) Polearms
 + Level 4.4 Armour
 - Level 0.1 Dodging
 + Level 1.8 Stealth
 + Level 5.0 Shields
 + Level 0.2 Unarmed Combat


You had 6 spell levels left.
You didn't know any spells.
Your spell library contained the following spells:

 Spells                   Type           Power      Damage    Failure   Level
 Freeze                   Ice            0%         1d3       52%         1
 Frozen Ramparts          Ice            0%         1d1       88%         3
 Hailstorm                Conj/Ice       0%         3d5       88%         3


Dungeon Overview and Level Annotations

Branches:
Dungeon (6/15)
 Temple: D:4-7

Altars:
Nemelex Xobeh
Okawaru
Qazlal
Yredelemnul

Shops:
D:2 ?

Annotations:
D:6 Pikel


Message History

You closely miss the lemure.
The lemure is severely wounded.
Your +0 spectral spear barely misses the lemure.
The lemure hits you but does no damage.
You hit the lemure but do no damage.
The lemure is severely wounded.
Your +0 spectral spear hits the lemure from afar.
The lemure hits you.
You hit the lemure but do no damage.
The lemure is almost dead.
Your +0 spectral spear misses the lemure.
You hit the lemure.
You kill the lemure!
That felt strangely unrewarding.
Your +0 spectral spear disappears.
You miss Pikel.
Your +0 spectral spear barely misses Pikel.
Pikel hits you with a +2 whip of electrocution.
You are electrocuted!!
You are too injured to fight recklessly!
You are too injured to fight recklessly!
You are too injured to fight recklessly!
You are too injured to fight recklessly!
You are too injured to fight recklessly!
You are too injured to fight recklessly!
You are too injured to fight recklessly!
You are too injured to fight recklessly!
You swap places.
Your +0 spectral spear disappears.
You hit Pikel but do no damage.
Your +0 spectral spear hits Pikel from afar.
Pikel hits you with a +2 whip of electrocution.
You are electrocuted!!
* * * LOW HITPOINT WARNING * * *
You swap places.
Your +0 spectral spear disappears.
Pikel attacks as he pursues you!
Pikel hits you with a +2 whip of electrocution.
You die...
Pikel says, "Another soul for the market."

#.......# #.#####.#
#<....#.# #.###.#.# #.#
#.# #.# #.# ... #.#
######################.#
.....5.5.K@............#
.....5##################
..... .... ... .. #


You could see Pikel and 3 lemures.

Vanquished Creatures
  A black bear (D:4)
  A lemure (D:6)
  A phantom (D:4)
  2 bullfrogs
  A howler monkey (D:4)
  3 bombardier beetles
  A hound (D:4)
  Natasha (thrice) (D:4)
  An iguana (D:4)
  3 gnolls (D:4)
  10 adders
  4 ufetubi (D:5)
  4 dart slugs
  3 orcs
  11 ball pythons
  10 endoplasms
  2 giant cockroaches (D:4)
  5 goblins
  5 hobgoblins
  6 jackals
  8 kobolds
  5 quokkas
  4 bats
  2 frilled lizards
  5 rats
101 creatures vanquished.

Notes
Turn   | Place    | Note
-------+----------+-------------------------------------------
     0 | D:1      | Marvel the Hill Orc Fighter began the quest for the Orb.
     0 | D:1      | Reached XP level 1. HP: 19/19 MP: 1/1
   192 | D:1      | Reached skill level 4 in Fighting
   192 | D:1      | Reached XP level 2. HP: 27/27 MP: 2/2
   501 | D:1      | Reached XP level 3. HP: 33/33 MP: 3/3
   785 | D:2      | Found Zief Ynu's Magic Scroll Emporium.
   794 | D:2      | Bought a scroll of teleportation for 36 gold pieces
   794 | D:2      | Bought a scroll of identify for 24 gold pieces
   944 | D:2      | Reached XP level 4. HP: 41/41 MP: 4/4
  1763 | D:3      | Found a stormy altar of Qazlal.
  1784 | D:3      | Reached skill level 5 in Fighting
  1784 | D:3      | Reached XP level 5. HP: 36/48 MP: 5/5
  2043 | D:3      | Found an iron altar of Okawaru.
  2277 | D:3      | Became a worshipper of Warmaster Okawaru
  2537 | D:4      | Noticed Natasha
  2542 | D:4      | Killed Natasha
  2543 | D:4      | Reached XP level 6. HP: 54/56 MP: 6/6
  2698 | D:4      | Found a sparkling altar of Nemelex Xobeh.
  2709 | D:4      | Reached skill level 1 in Polearms
  2712 | D:4      | Found a basalt altar of Yredelemnul.
  2853 | D:4      | HP: 1/57 [gnoll/+0 halberd (10)]
  3154 | D:4      | Reached skill level 1 in Stealth
  3161 | D:4      | Noticed a black bear
  3173 | D:4      | Killed a black bear
  3173 | D:4      | Reached * piety under Okawaru
  3174 | D:4      | Reached skill level 6 in Fighting
  3174 | D:4      | Reached XP level 7. HP: 27/63 MP: 7/7
  3202 | D:4      | Noticed Natasha
  3218 | D:4      | Killed Natasha
  3360 | D:4      | Noticed Natasha
  3366 | D:4      | Killed Natasha
  4011 | D:5      | Entered Level 5 of the Dungeon
  4227 | D:5      | Reached skill level 5 in Shields
  4993 | D:6      | Noticed Pikel
  5007 | D:6      | HP: 3/64 [Pikel/+2 whip of electrocution (20)]
  5009 | D:6      | Slain by Pikel

Illustrated notes

Levels and vault maps discovered:
D:1:      erik_arrival_blinker_ship, layout_basic, minivault_19
D:2:      layout_basic, serial_shops, shop
D:3:      layout_loops_cross, nicolae_qazlal_general_emergency,
          hellmonk_okawaru_the_only_friend_you_need
D:4:      layout_basic, jmf_multi_god_temple2, uniq_natasha
D:5:      layout_loops_ring, kennysheep_donut
D:6:      layout_basic, fedhas_altar_2, chequers_serial_rivers_large_a,
          uniq_pikel, uniq_sigmund

Skill      XL: |  1  2  3  4  5  6  7 |
---------------+----------------------+-----
Fighting       | 4 5 6 |  6.5
Axes           | 3 4 |  4.8
Shields        | 4 5 |  5.0
Armour         | 4 |  4.4
Polearms       | 2 3 |  3.9
Stealth        | 1 |  1.8
Dodging        | |  0.1
Unarmed Combat | |  0.2

Action                     |  1- 3 |  4- 6 |  7- 9 || total
---------------------------+-------+-------+-------++-------
  Melee: War axe           |   111 |    67 |       ||   178
         Spear             |       |    99 |    80 ||   179
         Unarmed           |       |       |     8 ||     8
    Use: Potion            |       |     2 |       ||     2
         Scroll            |       |       |     5 ||     5
   Stab: Distracted        |       |     1 |       ||     1
         Sleeping          |       |       |     1 ||     1
 Armour: Scale mail        |    48 |       |       ||    48
         Leather armour    |    28 |    88 |    46 ||   162
         Skin              |       |       |     4 ||     4
  Dodge: Dodged            |    67 |    89 |    33 ||   189
  Block: Buckler           |    24 |    30 |    22 ||    76
